 Dungeon Crawl Stone Soup version 0.28-a0-793-g31680bbd8b (webtiles) character file.

Game seed: 7302379791021495136

91 nicknak712 the Slasher (level 4, -1/35 HPs)
             Began as a Demonspawn Berserker on Nov 4, 2021.
             Was a Believer of Trog.
             Succumbed to an adder's poison
             ... on level 2 of the Dungeon.
             The game lasted 00:06:49 (2221 turns).

nicknak712 the Slasher (Demonspawn Berserker)       Turns: 2221, Time: 00:06:49

Health: -1/35      AC:  7    Str: 18    XL:     4   Next: 33%
Magic:  4/4        EV:  9    Int:  9    God:    Trog [**....]
Gold:   38         SH:  7    Dex: 12    Spells: 3/3 levels left

rFire   . . .      SeeInvis .   a - +0 falchion
rCold   . . .      Faith    .   i - +0 buckler
rNeg    . . .      Spirit   .   g - +0 scale mail
rPois   .          Reflect  .   (no helmet)
rElec   .          Harm     .   (no cloak)
rCorr   .          Rampage  .   f - +0 pair of gloves
Will    .....                   (no boots)
Stlth   ..........              (no amulet)
HPRegen 0.11/turn               (no ring)
MPRegen 0.09/turn               (no ring)

@: lethally poisoned (-1 -> -3), on berserk cooldown, attractive, slowed, very
slow
A: condensation shield
a: Renounce Religion, Berserk, Trog's Hand


You were on level 2 of the Dungeon.
You worshipped Trog.
Trog was pleased with you.
You visited 1 branch of the dungeon, and saw 2 of its levels.

You collected 38 gold pieces.

Inventory:

Hand Weapons
 a - a +0 falchion (weapon)
Missiles
 c - 2 curare-tipped darts (quivered)
 m - 2 throwing nets
Armour
 b - a +0 animal skin
 f - a +0 pair of gloves (worn)
 g - a +0 scale mail (worn)
 i - a +0 buckler (worn)
Jewellery
 h - a ring of ice
Scrolls
 e - a scroll of identify {unknown}
 j - a scroll of torment {unknown}
 k - a scroll of fog {unknown}
 l - a scroll of noise {unknown}
 o - a scroll of blinking {unknown}
Potions
 n - a potion of curing {unknown}


   Skills:
 + Level 3.5 Fighting
 * Level 3.6 Long Blades
 + Level 2.4 Armour
 + Level 2.4 Dodging


You had 3 spell levels left.
You didn't know any spells.
Your spell library was empty.

Dungeon Overview and Level Annotations

Branches:
Dungeon (2/15)

Altars:

Shops:
D:2 ?


Innate Abilities, Weirdness & Mutations

A meltable shield of frost defends you. (SH +4)


Message History

The ball python constricts you.
You closely miss the ball python.
The ball python bites you but does no damage.
The ball python constricts you. The ball python bites you.
The ball python constricts you.
You slash the ball python!
You kill the ball python!
Trog accepts your kill.
The frilled lizard bites you but does no damage.
You hit the frilled lizard.
You kill the frilled lizard!
Trog accepts your kill. The adder bites you. The adder barely misses you.
You hit the adder.
The adder is heavily wounded.
You block the adder's attack. The adder closely misses you.
You miss the adder.
The adder is heavily wounded.
You block the adder's attack. The adder bites you.
* * * LOW HITPOINT WARNING * * *
The adder bites you.
* * * LOW HITPOINT WARNING * * *
You hit the adder.
The adder is almost dead.
You block the adder's attack. The adder bites you.
* * * LOW HITPOINT WARNING * * *
You are poisoned.
The adder poisons you!
You slash the adder!
You kill the adder!
Trog accepts your kill.
* * * LOW HITPOINT WARNING * * *
You feel sick. The endoplasm freezes you.
You are frozen.
* * * LOW HITPOINT WARNING * * *
Okay, then.
It was a potion of attraction.
You feel attractive to monsters.
You die...

###
#######.......#########
#.........#.#
#.###)##.##.# #.#
#.......##
#.#####......##
#.......####..#
#############..## ##.#
#.........# ##.# #.####
#.#######.# #@# #....##
#.# #.####J## ####..#
#.# #####.##..gr# ##.#
#.# #.........#g# #.#
#.# #.###.##.##). #
##.# #.###.###.##.# ...
#.###..# #.##...##.##.#
:.:=#.....######
#....#....##.#
$.$)#..........#
####....####.#
...##.########.#


You could see an endoplasm, a hobgoblin, a goblin and a rat.

Vanquished Creatures
  A gnoll (D:2)
  3 adders (D:2)
  A worm (D:2)
  6 endoplasms
  A giant cockroach (D:2)
  5 goblins
  3 hobgoblins (D:1)
  3 jackals (D:1)
  A quokka (D:1)
  6 ball pythons
  5 bats
  7 frilled lizards
  6 kobolds
  3 rats (D:1)
51 creatures vanquished.

Vanquished Creatures (others)
  2 plants (D:1)
2 creatures vanquished.

Grand Total: 53 creatures vanquished

Notes
Turn   | Place    | Note
-------+----------+-------------------------------------------
     0 | D:1      | nicknak712 the Demonspawn Berserker began the quest for the
                  | Orb.
     0 | D:1      | Reached XP level 1. HP: 18/18 MP: 1/1
   319 | D:1      | Gained mutation: A meltable shield of frost defends you.
                  | (SH +4) [demonic ancestry]
   319 | D:1      | Reached XP level 2. HP: 10/24 MP: 2/2
   631 | D:1      | Found a faded altar of an unknown god.
   924 | D:1      | Reached ** piety under Trog
   987 | D:1      | Reached XP level 3. HP: 24/29 MP: 3/3
  1891 | D:2      | Found Xola's Magic Scroll Shop.
  2202 | D:2      | Reached XP level 4. HP: 35/35 MP: 4/4
  2220 | D:2      | HP: 1/35 [frozen (3)]
  2221 | D:2      | Succumbed to an adder's poison

Illustrated notes

Levels and vault maps discovered:
D:1:      nagdon_arrival_double_spiral, layout_rooms,
          chequers_ecumenical_altar_island, chequers_big_river,
          minmay_misc_feat_tiny
D:2:      layout_loops_corners, serial_shops, shop, minmay_joined_circles

Skill      XL: |  1  2 |
---------------+-------+-----
Dodging        | 2 |  2.4
Long Blades    | 3 |  3.6
Armour         | 2 |  2.4
Fighting       | |  3.5

Action                   |  1- 3 |  4- 6 || total
-------------------------+-------+-------++-------
Melee: Falchion          |   144 |    17 ||   161
Invok: Berserk           |     1 |       ||     1
  Use: Potion            |       |     1 ||     1
Armor: Animal skin       |    12 |       ||    12
       Scale mail        |    31 |     5 ||    36
Dodge: Dodged            |    85 |     9 ||    94
Block: Other             |    11 |       ||    11
       Buckler           |    23 |    12 ||    35

Table legend: (Time is in decaauts)
 A = Elapsed time spent in this place.
 B = Non-inter-level travel time spent in this place.
 C = Inter-level travel time spent in this place.
 D = Time resting spent in this place.
 E = Time spent auto-exploring this place.
 F = Levels seen in this place.
 G = Mean time per level.
                   A        B        C        D        E       F      G
               +--------+--------+--------+--------+--------+-----+--------+
         Total |   2275 |   2240 |     35 |    349 |   1352 |   2 | 1137.5 |
       Dungeon |   2275 |   2240 |     35 |    349 |   1352 |   2 | 1137.5 |
               +--------+--------+--------+--------+--------+-----+--------+

Top non-repeatable levels by time:
     D:1: 1506 daAuts
     D:2: 769 daAuts
